 Dungeon Crawl Stone Soup version 0.28.0-1-gb440e238dd (webtiles) character file.

Game seed: 17969510871301653730

620 themarg the Destroyer (level 7, -9/37 HPs)
             Began as a Tengu Conjurer on Feb 22, 2022.
             Was a Follower of Vehumet.
             Mangled by a two-headed ogre (23 damage)
             ... on level 5 of the Dungeon.
             The game lasted 00:18:05 (5548 turns).

themarg the Destroyer (Tengu Conjurer)              Turns: 5548, Time: 00:18:05

Health: -9/37      AC:  4    Str:  7    XL:     7   Next: 46%
Magic:  7/14       EV: 15    Int: 21    God:    Vehumet [*.....]
Gold:   99         SH:  0    Dex: 12    Spells: 11/15 levels left

rFire   . . .      SeeInvis .   u - +2 short sword (venom)
rCold   . . .      Faith    .   (no shield)
rNeg    . . .      Spirit   .   a - +0 robe
rPois   .          Reflect  .   (helmet restricted)
rElec   .          Harm     .   x - +1 cloak
rCorr   .          Rampage  .   (no gloves)
Will    .....                   (boots unavailable)
Stlth   ++........              (no amulet)
HPRegen 0.12/turn               d - +4 ring of slaying
MPRegen 0.14/turn               (no ring)

@: flying quickly and evasively, quick
A: beak, talons 3, nimble flight
a: Renounce Religion


You were on level 5 of the Dungeon.
You worshipped Vehumet.
Vehumet was aware of your devotion.
You visited 1 branch of the dungeon, and saw 5 of its levels.

You collected 195 gold pieces.
You spent 96 gold pieces at shops.

Inventory:

Hand Weapons
 u - a +2 short sword of venom (weapon)
Missiles
 g - 109 stones
 k - 2 poisoned darts
Armour
 a - a +0 robe (worn)
 x - a +1 cloak (worn)
Magical Staves
 b - a staff of conjuration
Jewellery
 d - a +4 ring of slaying (left hand)
 l - a ring of ice
Wands
 w - a wand of polymorph (7)
Scrolls
 f - a scroll of fear {unknown}
 h - a scroll of amnesia
 m - 2 scrolls of blinking {unknown}
 n - a scroll of teleportation
 o - a scroll of identify {unknown}
 s - a scroll of fog {unknown}
 v - a scroll of summoning {unknown}
Potions
 c - 3 potions of lignification {unknown}
 e - 2 potions of heal wounds
 i - a potion of haste {unknown}
 j - a potion of resistance {unknown}
 q - 3 potions of attraction {unknown}
 r - a potion of mutation {unknown}
 t - a potion of curing


   Skills:
 + Level 0.4 Fighting
 + Level 1.3 Short Blades
 + Level 2.9 Dodging
 + Level 3.0 Stealth
 + Level 4.5 Spellcasting
 + Level 8.9 Conjurations
 + Level 0.1 Fire Magic


You had 11 spell levels left.
You knew the following spells:

 Your Spells              Type           Power      Damage    Failure   Level
a - Magic Dart            Conj           100%       1d8       1%          1
b - Searing Ray           Conj           84%        2d7       1%          2
c - Foxfire               Conj/Fire      92%        2x1d8     1%          1

Your spell library contained the following spells:

 Spells                   Type           Power      Damage    Failure   Level
 Dazzling Flash           Conj/Hex       46%        N/A       5%          3
 Freeze                   Ice            16%        1d4       12%         1
 Corpse Rot               Necr/Air       8%         N/A       17%         2
 Poisonous Vapours        Pois/Air       8%         N/A       17%         2
 Fulminant Prism          Conj/Hex       11%        3d9       19%         4
 Hailstorm                Conj/Ice       23%        3d7       19%         4
 Iskenderun's Mystic Bla  Conj/Tloc      23%        2d6       19%         4
 Frozen Ramparts          Ice            8%         1d2       34%         3


Dungeon Overview and Level Annotations

Branches:
Dungeon (5/15)
 Temple: D:4-7

Altars:
Fedhas
Sif Muna
Uskayaw
Vehumet
Yredelemnul

Shops:
D:4 !


Innate Abilities, Weirdness & Mutations

You have a beak for a mouth.
You have claws for feet.
Your magical nature lets you fly swiftly and evasively.


Message History

Aiming: Searing Ray (safe; 1% risk of failure)
Press: ? - help, Shift-Dir - straight line, f - two-headed ogre
Aim: a two-headed ogre, wielding two +0 giant clubs (91% to hit)
The searing ray hits the two-headed ogre!
The two-headed ogre is lightly wounded. (Press . to maintain the ray.)
The searing ray hits the two-headed ogre!
The two-headed ogre is moderately wounded.
The searing ray hits the two-headed ogre!
The two-headed ogre is heavily wounded.
Casting: Searing Ray (safe; 1% risk of failure)
Confirm with . or Enter, or press ? or * to list all spells.
Aiming: Searing Ray (safe; 1% risk of failure)
Press: ? - help, Shift-Dir - straight line, f/p - two-headed ogre
Aim: a two-headed ogre, wielding two +0 giant clubs (moderately wounded, 91% to hit)
The searing ray hits the two-headed ogre!
The two-headed ogre is heavily wounded. (Press . to maintain the ray.)
The searing ray hits the two-headed ogre.
The two-headed ogre is heavily wounded.
The searing ray hits the two-headed ogre.
The two-headed ogre is heavily wounded.
The searing ray hits the two-headed ogre!
The two-headed ogre is severely wounded.
You finish channelling your searing ray.
The two-headed ogre closely misses you.
The two-headed ogre hits you with a +0 giant club!!
Ouch! That really hurt!
Casting: Searing Ray (safe; 1% risk of failure)
Confirm with . or Enter, or press ? or * to list all spells.
Aiming: Searing Ray (safe; 1% risk of failure)
Press: ? - help, Shift-Dir - straight line, f/p - two-headed ogre
Aim: a two-headed ogre, wielding two +0 giant clubs (severely wounded, 91% to hit)
The searing ray hits the two-headed ogre!
The two-headed ogre is almost dead. (Press . to maintain the ray.)
The two-headed ogre barely misses you.
The two-headed ogre hits you with a +0 giant club!!
Ouch! That really hurt!
You die...

#.####..........## ###
#................## ##..
####..........>...# ##...
#..............# #....
#..............##### #....
#..................# #....
#..................# ####....
##...........[.....####.......
.........(...>@O.........##....
##########.###.........#####...
######## #.# #......##.# #.....
#......#####.###......##>....##..
######.....#.#.[......#....###...
#####.#............##.....#.
#.............#####..##.
#####......(.....##......#.
#######[....................##...


You could see a two-headed ogre.

Vanquished Creatures
  An ice beast (D:5)
  Blork the orc (D:4)
  A scorpion (D:4)
  A water moccasin skeleton (D:4)
  2 jellies
  A hound (D:4)
  An iguana (D:5)
  An orc wizard (D:3)
  4 gnolls (D:4)
  7 adders
  An adder skeleton (D:5)
  A worm (D:2)
  5 dart slugs
  9 orcs
  4 ball pythons
  6 bats
  9 endoplasms
  3 giant cockroaches
  7 goblins
  2 hobgoblins
  10 jackals
  6 kobolds
  3 quokkas
  3 frilled lizards (D:1)
  8 rats
97 creatures vanquished.

Vanquished Creatures (others)
  2 foxfires (D:4)
  15 fungi (D:4)
17 creatures vanquished.

Grand Total: 114 creatures vanquished

Notes
Turn   | Place    | Note
-------+----------+-------------------------------------------
     0 | D:1      | themarg the Tengu Conjurer began the quest for the Orb.
     0 | D:1      | Reached XP level 1. HP: 10/10 MP: 4/4
   195 | D:1      | Reached XP level 2. HP: 10/15 MP: 1/6
   349 | D:1      | Learned a level 2 spell: Searing Ray
   467 | D:1      | Reached skill level 6 in Conjurations
   637 | D:1      | Found a faded altar of an unknown god.
   881 | D:1      | Reached XP level 3. HP: 19/19 MP: 5/7
  1597 | D:2      | Reached XP level 4. HP: 24/24 MP: 3/8
  2476 | D:3      | Identified the +2 ring mail of Xuby {+Inv rC++ Will-
                  | Regen+}
  2679 | D:3      | Reached skill level 7 in Conjurations
  2679 | D:3      | Gained mutation: Your magical nature lets you fly swiftly
                  | and evasively. [Tengu growth]
  2679 | D:3      | Reached XP level 5. HP: 28/28 MP: 3/10
  3185 | D:3      | Found a radiant altar of Vehumet.
  3189 | D:3      | Became a worshipper of Vehumet
  3193 | D:3      | Found a basalt altar of Yredelemnul.
  3197 | D:3      | Found a shimmering blue altar of Sif Muna.
  3507 | D:4      | Found Zinef's Distillery.
  3510 | D:4      | Bought a potion of heal wounds for 60 gold pieces
  3510 | D:4      | Bought a potion of curing for 36 gold pieces
  3547 | D:4      | Reached XP level 6. HP: 32/32 MP: 3/11
  4274 | D:4      | Reached skill level 1 in Short Blades
  4274 | D:4      | Reached skill level 8 in Conjurations
  4339 | D:4      | Found a hide-covered altar of Uskayaw.
  4395 | D:4      | Reached * piety under Vehumet
  4395 | D:4      | Offered knowledge of Foxfire by Vehumet.
  4398 | D:4      | Learned a level 1 spell: Foxfire
  4507 | D:4      | Found a blossoming altar of Fedhas.
  4674 | D:4      | Noticed Blork the orc
  4679 | D:4      | Killed Blork the orc
  4680 | D:4      | Reached XP level 7. HP: 37/37 MP: 6/14
  4965 | D:5      | Entered Level 5 of the Dungeon
  5512 | D:5      | Noticed a two-headed ogre
  5548 | D:5      | Mangled by a two-headed ogre

Illustrated notes

Levels and vault maps discovered:
D:1:      beargit_arrival_greenhouse, layout_rooms,
          chequers_ecumenical_altar_island
D:2:      layout_basic
D:3:      layout_loops_cross, grunt_temple_overflow_diamond
D:4:      cheibrodos_helix_gallery, layout_rooms, fedhas_altar_2,
          mainiacjoe_overflow_paths, serial_shops, nicolae_shop_behind_doors,
          serial_aquarium, aquarium_bridge_square [aquarium_subvault_wall,
          aquarium_subvault_balcony, aquarium_subvault_bridge,
          aquarium_subvault_window], aquarium_window_1,
          aquarium_window_corridor_2, aquarium_window_corner, aquarium_view_2b,
          aquarium_view_2e, uniq_blork_the_orc
D:5:      layout_rooms, serial_curves, eino_curves_01, eino_curves_02,
          eino_curves_01

Skill      XL: |  1  2  3  4  5  6  7 |
---------------+----------------------+-----
Conjurations   | 6 7 8 |  8.9
Spellcasting   | 3 4 |  4.5
Short Blades   | 1 |  1.3
Stealth        | 3 |  3.0
Fighting       | |  0.4
Dodging        | |  2.9
Fire Magic     | |  0.1

Action                   |  1- 3 |  4- 6 |  7- 9 || total
-------------------------+-------+-------+-------++-------
Melee: Dagger            |    18 |    19 |       ||    37
       Unarmed           |     5 |       |       ||     5
       Kick              |     4 |     1 |       ||     5
       Punch             |     2 |       |       ||     2
       Peck              |     2 |     4 |       ||     6
 Cast: Magic Dart        |    56 |   112 |    23 ||   191
       Searing Ray       |     3 |     8 |     6 ||    17
       Foxfire           |       |     2 |       ||     2
  Use: Scroll            |       |       |     2 ||     2
 Stab: Sleeping          |       |     1 |       ||     1
Armor: Robe              |     7 |     3 |       ||    10
Dodge: Dodged            |    19 |    17 |     3 ||    39
